 Dungeon Crawl Stone Soup version 0.29.1-12-g30fa7ad0bf (webtiles) character file.

Game seed: 9568713303098913415

2856 112233 the Reanimator (level 9, -6/61 HPs)
             Began as a Mummy Necromancer on Dec 17, 2022.
             Was an Initiate of Vehumet.
             Killed from afar by an acid dragon (29 damage)
             ... with a splash of acid
             ... on level 8 of the Dungeon.
             The game lasted 00:10:25 (10068 turns).

112233 the Reanimator (Mummy Necromancer)          Turns: 10068, Time: 00:10:26

Health: -6/61      AC:  6    Str: 11    XL:     9   Next: 46%
Magic:  19/24      EV: 12    Int: 18    God:    Vehumet [......]
Gold:   523        SH:  5    Dex: 15    Spells: 12/16 levels left

rFire   x . .      SeeInvis .   u - +4 shortbow "Deoce" {freeze, MP+9}
rCold   + . .      Faith    .   (shield currently unavailable)
rNeg    + + +      Spirit   .   i - +2 robe "Pittou" {+Blink}
rPois   ∞          Reflect  +   (no helmet)
rElec   +          Harm     .   (no cloak)
rCorr   .          Rampage  .   l - +0 pair of gloves
Will    +....                   k - +0 pair of boots
Stlth   ++........              b - amulet of reflection
HPRegen 0.20/turn               f - ring of Ynwenwi {rElec rPois Dex+2}
MPRegen 0.19/turn               (no ring)

@: no status effects
A: cold resistance 1, negative energy resistance 3, torment resistance 2, heat
vulnerability 1, in touch with death 1, no potions
a: Renounce Religion, Evoke Blink


You were on level 8 of the Dungeon.
You worshipped Vehumet.
Vehumet was noncommittal.
You visited 2 branches of the dungeon, and saw 9 of its levels.

You collected 523 gold pieces.

Inventory:

Hand Weapons
 e - a +0 club
 u - the +4 shortbow "Deoce" (weapon) {freeze, MP+9}
   (You took it off an orc on level 5 of the Dungeon)

   Any ammunition fired from it freezes those it strikes, dealing additional
   cold damage.
   It can also slow down cold-blooded creatures.
   MP:        It affects your magic capacity (+9).
Missiles
 m - a throwing net
Armour
 a - a +0 robe
 i - the +2 robe "Pittou" (worn) {+Blink}
   (You found it on level 3 of the Dungeon)

   +Blink:    It lets you blink.
 k - a +0 pair of boots (worn)
 l - a +0 pair of gloves (worn)
 t - a +0 cloak
 v - a +2 kite shield
Magical Staves
 r - a staff of fire
Jewellery
 b - an amulet of reflection (around neck)
 f - the ring of Ynwenwi (left hand) {rElec rPois Dex+2}
   (You found it on level 2 of the Dungeon)

   [ring of poison resistance]

   Dex:       It affects your dexterity (+2).
   rElec:     It insulates you from electricity.
   rPois:     It protects you from poison.
 w - an amulet of regeneration
Scrolls
 c - a scroll of noise {unknown}
 g - 2 scrolls of silence
 h - 4 scrolls of enchant weapon
 j - a scroll of fog
 n - a scroll of amnesia
 o - 2 scrolls of poison
 p - 2 scrolls of immolation
 s - a scroll of fear {unknown}


   Skills:
 + Level 2.0 Fighting
 + Level 2.4 Dodging
 - Level 1.5 Stealth
 * Level 4.3 Spellcasting
 - Level 12.9 Necromancy


You had 12 spell levels left.
You knew the following spells:

 Your Spells              Type           Power      Damage    Failure   Level
a - Necrotise             Necr           100%       1d9       1%          1
b - Vampiric Draining     Necr           66%        2d10      1%          3

Your spell library contained the following spells:

 Spells                   Type           Power      Damage    Failure   Level
 Animate Dead             Necr           66%        N/A       1%          4
 Agony                    Necr           66%        N/A       1%          5
 Sandblast                Erth           6%         2d5       14%         1
 Summon Small Mammal      Summ           12%        N/A       14%         1
 Passwall                 Tmut/Erth      2%         N/A       22%         2
 Call Canine Familiar     Summ           3%         N/A       41%         3
 Dazzling Flash           Conj/Hex       6%         N/A       41%         3
 Stone Arrow              Conj/Erth      6%         3d7       41%         3
 Summon Guardian Golem    Hex/Summ       3%         N/A       41%         3
 Cause Fear               Hex            1%         N/A       82%         4
 Iskenderun's Mystic Bla  Conj/Tloc      3%         2d3       82%         4
 Starburst                Conj/Fire      1%         6d3       100%        6
 Dragon's Call            Summ           1%         N/A       100%        9
 Dragon Form              Tmut           Unusable   N/A       N/A         7

Dungeon Overview and Level Annotations

Branches:
Dungeon (8/15)             Temple (1/1) D:7
   Lair: D:8-11

Altars:
Ashenzari
Cheibriados
Dithmenos
Fedhas
Hepliaklqana
Makhleb
Nemelex Xobeh
Okawaru
Qazlal
Ru
Sif Muna
Trog
Uskayaw
Vehumet
Wu Jian
Xom
Yredelemnul

Annotations:
D:2 Robin
D:3 1 runed translucent door, Crazy Yiuf
D:6 2 runed translucent doors, rlgrobin's ghost, amateur DsFi


Innate Abilities, Weirdness & Mutations

You are immune to poison.
Your flesh is cold resistant. (rC+)
You are immune to negative energy. (rN+++)
You are immune to unholy pain and torment.
You are vulnerable to heat. (rF-)
You are in touch with the powers of death.
You do not drink.


Message History

You shoot an arrow. The arrow barely misses the wight.
You hear a howl!
You block the wight's attack. The wight hits you with a +0 war axe!
You shoot an arrow. The arrow closely misses the wight.
The wight hits you with a +0 war axe!
You are too injured to fight recklessly!
You are too injured to fight recklessly!
The wight attacks as you move away! The wight closely misses you.
You see here a wyvern corpse.
There is a stone staircase leading up here.
The wight misses you.
You climb upwards.
There is a stone staircase leading down here.
Fire: u) +4 shortbow "Deoce" {freeze, MP+9}
Press: ? - help, Q - select action, (/) - cycle Shift-Dir - straight line, f - wight
Aim: a wight, wielding a +0 war axe and wearing a +0 robe (lightly damaged, 64% to hit)
You shoot an arrow. The arrow closely misses the wight.
The wight hits you with a +0 war axe. The wight hits you with a +0 war axe!
* * * LOW HITPOINT WARNING * * *
Unknown command.
Blink to where?
Press: ? - help, Dir - move target, p - wight
As you read the scroll labelled KUVUPP YT IPPI, it crumbles to dust.
It was a scroll of blinking.
You climb downwards.
There is a stone staircase leading up here.
Unknown command.
Casting: Vampiric Draining (safe; 1% risk of failure)
Confirm with . or Enter, or press ? or * to list all spells.
Aiming: Vampiric Draining (safe; 1% risk of failure)
Press: ? - help, Shift-Dir - straight line, f - acid dragon
Aim: an acid dragon (asleep)
You feel a surge of power!
The acid dragon roars!
You draw life force from the acid dragon!
You feel life coursing into your body.
The orc shouts!
The acid dragon spits acid at you. The splash of acid hits you!!
You die...

... .# .. ... .
####.###.. ...
..####.........
..>
......o........
...
...............
...
...............
...
...............
... .......@D.#
...
........#......
#.. .....z##.
#.... #..
..z.z. .# ...
#.. ..... ## .
#.. ##### #..
... #.. ##.


You could see an acid dragon (catching breath), 3 wights and an orc.

Vanquished Creatures
  A hornet (D:6)
  A wyvern (D:8)
  A steam dragon (D:6)
  2 water moccasins
  2 black bears
  A sky beast (D:6)
  2 orc warriors
  2 centaurs
  3 ogres
  2 bullfrogs
  A gnoll sergeant (D:7)
  A necrophage (D:7)
  3 scorpions
  6 wights (D:7)
  2 orc priests
  3 hounds
  4 iguanas
  2 orc wizards
  10 gnolls
  7 adders
  2 ufetubi (D:5)
  3 worms
  4 dart slugs
  8 orcs
  5 endoplasms
  10 giant cockroaches
  14 goblins
  8 hobgoblins
  9 jackals
  9 kobolds
  A quokka (D:3)
  4 ball pythons
  3 bats
  2 frilled lizards
  4 rats
142 creatures vanquished.

Vanquished Creatures (collateral kills)
  A goblin (D:2)
1 creature vanquished.

Grand Total: 143 creatures vanquished

Notes
Turn   | Place    | Note
-------+----------+-------------------------------------------
     0 | D:1      | 112233 the Mummy Necromancer began the quest for the Orb.
     0 | D:1      | Reached XP level 1. HP: 13/13 MP: 4/4
   131 | D:1      | Noticed a great orb of eyes
   132 | D:1      | Found a faded altar of an unknown god.
   167 | D:1      | Noticed a shining eye
   167 | D:1      | Noticed a golden eye
   167 | D:1      | Noticed a golden eye
   338 | D:1      | Reached XP level 2. HP: 19/19 MP: 1/5
  1048 | D:2      | Identified the ring of Ynwenwi {rElec rPois Dex+2}
  1053 | D:2      | Reached skill level 5 in Necromancy
  1053 | D:2      | Gained mutation: You are in touch with the powers of death.
                  | [Mummy growth]
  1053 | D:2      | Reached XP level 3. HP: 22/24 MP: 1/7
  1133 | D:2      | Learned a level 3 spell: Vampiric Draining
  2484 | D:2      | Reached XP level 4. HP: 29/30 MP: 3/8
  2596 | D:2      | Noticed Robin
  3022 | D:3      | Reached skill level 6 in Necromancy
  3098 | D:3      | Identified the +2 robe "Pittou" {+Blink}
  3616 | D:3      | Found a runed translucent door.
  3617 | D:3      | Noticed Crazy Yiuf
  4218 | D:4      | Reached XP level 5. HP: 35/35 MP: 6/9
  4322 | D:4      | Reached skill level 7 in Necromancy
  4408 | D:4      | Reached XP level 6. HP: 37/41 MP: 3/10
  4674 | D:4      | Found a sacrificial altar of Ru.
  4948 | D:5      | Entered Level 5 of the Dungeon
  5200 | D:5      | Reached skill level 8 in Necromancy
  5851 | D:6      | Found a runed translucent door.
  5854 | D:6      | Noticed rlgrobin's ghost (amateur DsFi)
  5861 | D:6      | Reached XP level 7. HP: 46/46 MP: 3/11
  6003 | D:6      | Reached skill level 9 in Necromancy
  6094 | D:6      | Found a runed translucent door.
  6301 | D:6      | Found a shimmering altar of Xom.
  6308 | D:6      | Found a shimmering altar of Xom.
  6309 | D:6      | Found a shimmering altar of Xom.
  6309 | D:6      | Found a shimmering altar of Xom.
  6310 | D:6      | Found a shimmering altar of Xom.
  6311 | D:6      | Found a shimmering altar of Xom.
  6637 | D:5      | Reached skill level 10 in Necromancy
  6852 | D:6      | Reached XP level 8. HP: 52/52 MP: 8/12
  7140 | D:5      | Identified the +4 shortbow "Deoce" {freeze, MP+9}
  7584 | D:6      | Found a sparkling altar of Nemelex Xobeh.
  7897 | D:7      | Reached skill level 11 in Necromancy
  7947 | D:7      | Noticed a hornet
  7956 | D:6      | Killed a hornet
  8033 | D:7      | Reached skill level 12 in Necromancy
  8196 | D:7      | Reached XP level 9. HP: 45/57 MP: 13/13
  9207 | D:7      | Found a snail-covered altar of Cheibriados.
  9372 | D:7      | Reached skill level 1 in Fighting
  9647 | D:7      | Found a staircase to the Ecumenical Temple.
  9705 | Temple   | Entered the Ecumenical Temple
  9898 | Temple   | Became a worshipper of Vehumet
 10068 | D:8      | Killed from afar by an acid dragon

Illustrated notes

Levels and vault maps discovered:
D:1:      dpeg_arrival_water_fire, layout_basic,
          hellmonk_ecumenical_altar_watching_god
D:2:      layout_rooms, kennysheep_generic_room_14, uniq_robin
D:3:      layout_basic, uniq_crazy_yiuf_cottage
D:4:      layout_rooms, kennysheep_mini_moat
D:5:      layout_loops_ring, nicolae_tso_carved_into_rock, minmay_circle_x
D:6:      layout_cave_pools, general_overflow_altar, xom_redecorated,
          ebering_ghost_sewer_f
D:7:      layout_cave_pools, cheibrodos_worm_habitat, minmay_temple_entry_fiery,
          enter_bailey_2
D:8:      layout_rooms, serial_shops, shop_statue, minmay_bent
Temple:   nicolae_temple_bog_church

Skill      XL: |  1  2  3  4  5  6  7  8  9 |
---------------+----------------------------+-----
Necromancy     | 5 6 7 8 10 12 | 12.9
Spellcasting   | 4 |  4.3
Fighting       | 2 |  2.0
Dodging        | 2 |  2.4
Stealth        | |  1.5

Action                   |  1- 3 |  4- 6 |  7- 9 || total
-------------------------+-------+-------+-------++-------
Melee: Club              |    22 |    20 |     7 ||    49
       Punch             |       |     2 |       ||     2
       Shortbow          |       |       |     1 ||     1
 Fire: Shortbow          |       |       |   120 ||   120
 Cast: Necrotise         |   103 |   107 |    55 ||   265
       Vampiric Draining |       |     6 |    48 ||    54
  Use: Scroll            |       |     3 |     8 ||    11
Armor: Robe              |    15 |    20 |    31 ||    66
Dodge: Dodged            |    37 |    52 |    99 ||   188
Block: Other             |    17 |    22 |    49 ||    88
       Reflection        |       |     2 |     3 ||     5
